 Dungeon Crawl Stone Soup version 0.30-a0-371-gad7725a93e (webtiles) character file.

Game seed: 5100157397717271044

134 NinjaNoafa the Shield-Bearer (level 4, -2/44 HPs)
             Began as a Troll Fighter on Nov 22, 2022.
             Slain by Crazy Yiuf
             ... wielding a +2 quarterstaff of chaos
              (7 damage)
             ... on level 3 of the Dungeon.
             The game lasted 00:04:08 (1985 turns).

NinjaNoafa the Shield-Bearer (Troll Fighter)        Turns: 1985, Time: 00:04:09

Health: -2/44      AC:  4    Str: 24    XL:     4   Next: 95%
Magic:  12/12      EV:  9    Int:  4    God:
Gold:   135        SH:  8    Dex: 11    Spells: 3/3 levels left

rFire   . . .      SeeInvis .      - Unarmed
rCold   . . .      Faith    .    b - +0 kite shield
rNeg    . . .      Spirit   .    a - +0 robe
rPois   +          Reflect  .    (helmet restricted)
rElec   .          Harm     .    (no cloak)
rCorr   .          Rampage  .    (gloves unavailable)
Will    .....                    (boots unavailable)
Stlth   +.........               (no amulet)
HPRegen 1.07/turn                k - ring of magical power
MPRegen 0.13/turn                m - ring of poison resistance

@: mighty
A: large, unfitting armour, claws 3, regeneration 1, shaggy fur 1, tough skin 1
a: no special abilities


You were on level 3 of the Dungeon.
You visited 1 branch of the dungeon, and saw 3 of its levels.

You collected 135 gold pieces.

Inventory:

Missiles
 e - 45 stones (quivered)
 p - 20 poisoned darts
Armour
 a - a +0 robe (worn)
 b - a +0 kite shield (worn)
Jewellery
 k - a ring of magical power (left claw)
 m - a ring of poison resistance (right claw)
Wands
 q - a wand of iceblast (6)
Scrolls
 d - 2 scrolls of amnesia
 g - 3 scrolls of teleportation
 h - 2 scrolls of magic mapping {unknown}
 i - a scroll of poison {unknown}
 l - a scroll of noise {unknown}
 o - a scroll of immolation {unknown}
 r - 2 scrolls of blinking {unknown}
Potions
 c - a potion of might
 f - a potion of heal wounds
 j - a potion of ambrosia
 n - a potion of invisibility {unknown}
 t - a potion of lignification {unknown}


   Skills:
 - Level 2.4 Fighting
 - Level 2.4 Dodging
 + Level 5.2 Shields
 - Level 2.0 Unarmed Combat


You had 3 spell levels left.
You didn't know any spells.
Your spell library contained the following spells:

 Spells                   Type           Power      Damage    Failure   Level
 Freeze                   Ice            0%         1d3       77%         1
 Necrotise                Necr           0%         1d4       77%         1
 Sandblast                Erth           0%         2d4       77%         1
 Passwall                 Tmut/Erth      0%         N/A       88%         2
 Frozen Ramparts          Ice            0%         1d1       98%         3
 Hailstorm                Conj/Ice       0%         3d3       98%         3
 Stone Arrow              Conj/Erth      0%         3d7       98%         3
 Vampiric Draining        Necr           0%         2d6       98%         3
 Agony                    Necr           0%         N/A       100%        5


Dungeon Overview and Level Annotations

Branches:
Dungeon (3/15)

Altars:

Annotations:
D:3 Crazy Yiuf


Innate Abilities, Weirdness & Mutations

You are too large for most types of armour.
You have claws for hands.
Your natural rate of healing is unusually fast.
You are covered in fur. (AC +1)
You have tough skin. (AC +1)


Message History

The frilled lizard barely misses you.
A frilled lizard is nearby!
You claw the frilled lizard!
You kill the frilled lizard!
You see here a frilled lizard corpse.
Found a stone staircase leading down.
There is a stone staircase leading down here.
A bat comes into view.
You see here a book of Geomancy.
You drop a potion of degeneration.
The bat closely misses you. The bat hits you.
You barely miss the bat. The bat hits you but does no damage.
The bat closely misses you. The bat hits you but does no damage.
You scratch the bat.
You kill the bat!
You pick up a book of Geomancy and begin reading...
You add the spells Sandblast, Passwall and Stone Arrow to your library.
You see here a potion of degeneration.
Things that are here:
a +0 short sword; a +0 scale mail; the human skeleton of Terence
n - a sapphire potion
Found a hammer.
Found a runed translucent door.
Okay, then.
Crazy Yiuf shouts!
Okay, then.
You feel very mighty all of a sudden.
You open the door. You barely miss Crazy Yiuf.
Crazy Yiuf hits you with a +2 quarterstaff of chaos.
Crazy Yiuf freezes you.
You barely miss Crazy Yiuf.
Crazy Yiuf hits you with a +2 quarterstaff of chaos!
You are electrocuted!
* * * LOW HITPOINT WARNING * * *
Crazy Yiuf hits you with a +2 quarterstaff of chaos!
* * * LOW HITPOINT WARNING * * *
You completely miss Crazy Yiuf. Crazy Yiuf barely misses you.
You closely miss Crazy Yiuf.
Crazy Yiuf hits you with a +2 quarterstaff of chaos!
You die...

#.# #.#
#..#...####.# #.#
#.# #..##.## #.#
###.# #..##.# #.#
....# ####### #.#
.#.###### #####.#
........##♣♣♣♣♣
#..##.#
######.#....♣.♣♣♣
### ##.##.# #
#.......♣..♣#...#
##.##.# #
#......♣♣♣♣@g...#
#...#.# # #.....♣♣
♣♣#..)# ##.#..# #
#.###♣♣ ### #.....#
# ##.## ##.#.## #
#...# #...## #
#.##############
##.## # #.#
#..........# #.#
#####.###.##.#####.#
#.# .......)..##.#
#.# #.#


You could see Crazy Yiuf.

Vanquished Creatures
  Ijyb (D:3)
  Terence (D:3)
  A gnoll (D:1)
  An adder (D:2)
  4 dart slugs
  An orc (D:3)
  4 endoplasms
  3 goblins
  5 hobgoblins
  6 kobolds
  6 quokkas
  3 ball pythons
  2 bats
  4 frilled lizards
  17 rats
59 creatures vanquished.

Notes
Turn   | Place    | Note
-------+----------+-------------------------------------------
     0 | D:1      | NinjaNoafa the Troll Fighter began the quest for the Orb.
     0 | D:1      | Reached XP level 1. HP: 22/22 MP: 0/0
    67 | D:1      | Reached skill level 3 in Shields
    68 | D:1      | Found a faded altar of an unknown god.
   201 | D:1      | Reached XP level 2. HP: 12/29 MP: 1/1
   512 | D:1      | Reached XP level 3. HP: 36/36 MP: 2/2
   866 | D:1      | Reached skill level 4 in Shields
  1362 | D:3      | Reached XP level 4. HP: 44/44 MP: 3/3
  1412 | D:3      | Noticed Ijyb
  1427 | D:3      | Killed Ijyb
  1548 | D:3      | Noticed Terence
  1556 | D:3      | Killed Terence
  1557 | D:3      | Reached skill level 5 in Shields
  1976 | D:3      | Found a runed translucent door.
  1977 | D:3      | Noticed Crazy Yiuf
  1983 | D:3      | HP: 2/44 [Crazy Yiuf/+2 quarterstaff of chaos (7)]
  1985 | D:3      | Slain by Crazy Yiuf

Illustrated notes

Levels and vault maps discovered:
D:1:      minmay_arrival_three_doors, layout_loops_ring,
          hellmonk_ecumenical_altar_pennies_from_heaven, minmay_misc_feat_five,
          minmay_rat_gold_closets
D:2:      layout_basic
D:3:      layout_loops_ring, uniq_crazy_yiuf_cottage, uniq_ijyb, uniq_terence

Skill      XL: |  1  2  3  4 |
---------------+-------------+-----
Shields        | 3 4 5 |  5.2
Fighting       | |  2.4
Dodging        | |  2.4
Unarmed Combat | |  2.0

Action                   |  1- 3 |  4- 6 || total
-------------------------+-------+-------++-------
Melee: Unarmed           |   101 |    59 ||   160
  Use: Scroll            |     3 |     2 ||     5
       Potion            |       |     1 ||     1
 Stab: Sleeping          |     2 |       ||     2
Armor: Robe              |    19 |    15 ||    34
Dodge: Dodged            |    27 |    16 ||    43
Block: Kite shield       |    23 |    21 ||    44

Table legend: (Time is in decaauts)
 A = Elapsed time spent in this place.
 B = Non-inter-level travel time spent in this place.
 C = Inter-level travel time spent in this place.
 D = Time resting spent in this place.
 E = Time spent auto-exploring this place.
 F = Levels seen in this place.
 G = Mean time per level.
                   A        B        C        D        E       F      G
               +--------+--------+--------+--------+--------+-----+--------+
         Total |   2000 |   1965 |     35 |      0 |   1503 |   3 |  666.7 |
       Dungeon |   2000 |   1965 |     35 |      0 |   1503 |   3 |  666.7 |
               +--------+--------+--------+--------+--------+-----+--------+

Top non-repeatable levels by time:
     D:1: 898 daAuts
     D:3: 633 daAuts
     D:2: 468 daAuts
